Map: Lost and Found LE

Players

DnS - Winner!

  • Race: Protoss Protoss
  • Spawn Location: 7:00

Frontstab

  • Race: Protoss Protoss
  • Spawn Location: 1:00

Event: WCS Montreal 2018

VOD

Have the link to the VOD?

Description

Time

  • Played on: Sept. 7, 2018, 12:29 p.m.
  • Length: 6:56

All games in this series

Show
View Real Time Build Order
Export as new Build Order

DnS Protoss - Winner!

Build Orders:  

Get SALT Encoding   

  12  0:00  Probe  
  13  0:12  Probe  
  14  0:17  Pylon  
  14  0:23  Probe  
  15  0:32  Probe  
  15  0:39  Gateway  
  15  0:40  Probe  
  16  0:45  Assimilator  
  17  0:51  Probe  
  17  0:54  Assimilator  
  18  1:04  Forge  
  18  1:06  Probe  
  19  1:13  Pylon  
  20  1:18  Probe  
  20  1:30  Probe  
  21  1:43  Photon Cannon  
  21  1:47  Photon Cannon  
  21  1:49  Pylon  
  21  2:07  Cybernetics Core  
  21  2:09  Photon Cannon  
  21  2:11  Probe  
  22  2:19  Warp Gate  
  22  2:28  Gateway  
  23  2:33  Pylon  
  22  2:45  Robotics Facility  
  22  2:59  Gateway  
  22  3:15  Stalker  
  24  3:23  Gateway  
  24  3:32  Warp Prism  
  26  3:45  Stalker  
  26  3:46  Stalker  
  30  3:58  Pylon  
  30  4:09  Observer  
  31  4:25  Stalker x3  
  37  4:37  Pylon  
  37  4:49  Stalker x3  
  43  4:57  Immortal  
  43  5:14  Observer  
  47  5:19  Stalker, Sentry x2  
  53  5:23  Pylon  
  53  5:51  Stalker x2, Sentry  
  53  5:55  Pylon  
  53  5:56  Observer  
  59  6:23  Nexus  
  63  6:42  Stalker x3  
Show
View Real Time Build Order
Export as new Build Order

Frontstab Protoss 

Build Orders: Cannon Rush, Phoenix Opening 

Get SALT Encoding   

  1  0:00  Probe  
  12  0:05  Probe  
  14  0:19  Pylon  
  14  0:21  Probe  
  15  0:38  Probe  
  15  0:40  Forge  
  16  0:50  Probe  
  16  0:53  Pylon  
  17  0:57  Pylon  
  17  1:19  Photon Cannon  
  17  1:21  Gateway  
  17  1:28  Photon Cannon  
  17  1:43  Photon Cannon  
  17  1:47  Probe  
  18  1:54  Photon Cannon  
  18  1:58  Probe  
  18  2:03  Assimilator  
  19  2:18  Cybernetics Core  
  21  2:25  Probe  
  21  2:26  Assimilator  
  20  2:42  Probe  
  21  2:59  Gateway  
  21  3:10  Stargate  
  21  3:16  Photon Cannon  
  21  3:18  Probe  
  22  3:20  Pylon  
  22  3:29  Robotics Facility  
  22  3:30  Probe  
  23  3:42  Probe  
  23  3:46  Phoenix  
  24  3:49  Zealot  
  28  4:02  Pylon  
  28  4:09  Phoenix  
  30  4:17  Immortal  
  30  4:18  Zealot  
  36  4:39  Shield Battery  
  36  4:40  Shield Battery  
  36  4:48  Zealot  
  38  5:12  Pylon  
  38  5:16  Phoenix  
  39  5:23  Pylon  
  39  5:24  Immortal  
  39  5:25  Pylon  
  41  5:52  Zealot  
  39  6:09  Immortal  
  41  6:13  Pylon  
  41  6:16  Stargate  
  41  6:17  Probe  
  42  6:19  Zealot  
Tags
 
Add a new tag
Caveats
  • Supply blocks, unpowered buildings, or Contaminate may cause inaccurate times.
  • Supply counts are checked every 10 seconds.